 Dungeon Crawl Stone Soup version 0.25-a0-670-g50981ef59b (webtiles) character file.

Game seed: 5019909405987965108, levelgen mode: deterministic

305916 Esekla the Eclecticist (level 21, 121/121 HPs)
             Began as an Octopode Venom Mage on Mar 28, 2020.
             Was the Champion of Ashenzari.
             Got out of the dungeon
             ... with 2 runes on Mar 29, 2020!
             The game lasted 12:44:01 (49395 turns).

Esekla the Eclecticist (Octopode Venom Mage)       Turns: 49395, Time: 12:44:01

Health: 121/121    AC: 13    Str: 14    XL:     21   Next: 15%
Magic:  62/62      EV: 32    Int: 24    God:    Ashenzari [******]
Gold:   585        SH: 10    Dex: 13    Spells: 0/58 levels left

rFire    . . .     SeeInvis +   U - +2 dagger of Cobwebs {flame, *Corrode rElec rPois rN+++} (curse)
rCold    . . .     Gourm    .   J - +3 buckler (curse)
rNeg     + + +     Faith    .   A - +2 hat (curse)
rPois    +         Spirit   .   y - amulet of magic regeneration (curse)
rElec    +         Reflect  .   d - ring of Phasing {EV+8} (curse)
rCorr    .         Harm     .   q - ring of Alis {rPois Str+6 Dex-2} (curse)
MR       +....     Clarity  +   a - +5 ring of slaying (curse)
Stlth    +++++++...             Z - +4 ring of protection (curse)
HPRegen  0.70/turn              D - +4 ring of evasion (curse)
MPRegen  0.63/turn              o - ring "Rioroobb" {MP+9 Slay+2 SInv} (curse)
                                R - +4 ring of protection (curse)
                                M - ring of magical power (curse)

@: deflect missiles
A: almost no armour, stealthy swim, amphibious, 8 rings, constrict 8, antennae
1, yellow scales 1, camouflage 1, blink, regeneration 1, gelatinous body 1
}: 2/15 runes: barnacled, gossamer
a: Blink, Curse Item, Scrying, Transfer Knowledge, Renounce Religion


You escaped.
You worshipped Ashenzari.
Ashenzari was exalted by your worship.
You were very hungry.

You visited 8 branches of the dungeon, and saw 37 of its levels.
You also visited: Sewer, Gauntlet and Ice Cave.

You collected 4227 gold pieces.
You spent 3642 gold pieces at shops.

Inventory:

Hand Weapons
 i - the +11 plutonium sword {*Contam Stlth-}
   (You found it in a Gauntlet)

   It causes magical contamination when unequipped.
   It makes you less stealthy.
 l - the +8 arc blade {discharge, rElec}
   (You acquired it on level 13 of the Dungeon)

   It insulates you from electricity.
 r - the +12 dagger "Syunisek" {pain, rPois Str+2}
   (You bought it in a shop on level 4 of the Dungeon)

   In the hands of one skilled in necromantic magic, it inflicts extra damage on
   living creatures.
   It affects your strength (+2).
   It protects you from poison.
 s - a +4 scimitar of flaming
 U - the cursed +2 dagger of Cobwebs (weapon) {flame, *Corrode rElec rPois rN+++}
   (You found it on level 6 of the Lair of Beasts)

   It has been specially enchanted to burn those struck by it, causing extra
   injury to most foes and up to half again as much damage against particularly
   susceptible opponents.
   It insulates you from electricity.
   It protects you from poison.
   It renders you almost immune to negative energy.
   It may corrode you when you take damage.
   It has a curse placed upon it.
Missiles
 h - 76 poisoned darts
 H - 4 boomerangs of dispersal
 K - 7 silver boomerangs (quivered)
 X - 13 silver javelins
Armour
 A - a cursed +2 hat (worn)
 J - a cursed +3 buckler (worn)
Jewellery
 a - a cursed +5 ring of slaying (on tentacle)
 d - the cursed ring of Phasing (left tentacle) {EV+8}
   (You found it on level 4 of the Spider Nest)

   [ring of evasion]

   It affects your evasion (+8).
   It has a curse placed upon it.
 o - the cursed ring "Rioroobb" (on tentacle) {MP+9 Slay+2 SInv}
   (You bought it in a shop on level 2 of the Orcish Mines)

   [ring of see invisible]

   It affects your accuracy and damage with ranged weapons and melee attacks
   (+2).
   It affects your magic capacity (+9).
   It lets you see invisible.
   It has a curse placed upon it.
 q - the cursed ring of Alis (right tentacle) {rPois Str+6 Dex-2}
   (You found it in a Gauntlet)

   [ring of poison resistance]

   It affects your strength (+6).
   It affects your dexterity (-2).
   It protects you from poison.
   It has a curse placed upon it.
 u - an uncursed ring of positive energy
 x - an uncursed ring of positive energy
 y - a cursed amulet of magic regeneration (around mantle)
 D - a cursed +4 ring of evasion (on tentacle)
 E - an uncursed ring of positive energy
 M - a cursed ring of magical power (on tentacle)
 R - a cursed +4 ring of protection (on tentacle)
 S - an uncursed ring of ice
 Z - a cursed +4 ring of protection (on tentacle)
Wands
 p - a wand of digging (6)
 B - a wand of acid (31)
 I - a wand of disintegration (31)
 N - a wand of polymorph (13)
 O - a wand of iceblast (21)
 T - a wand of paralysis (11)
 V - a wand of flame (33)
Scrolls
 c - 9 scrolls of teleportation
 e - 2 scrolls of holy word
 m - 4 scrolls of remove curse
 n - a scroll of enchant weapon
 v - 8 scrolls of identify
 C - 5 scrolls of fog
 L - 3 scrolls of blinking
 Q - 3 scrolls of fear
Potions
 g - 8 potions of curing
 j - 4 potions of brilliance
 k - 5 potions of berserk rage
 t - a potion of invisibility
 w - 2 potions of might
 F - 3 potions of lignification
 G - 8 potions of ambrosia
 P - 2 potions of heal wounds
 W - 2 potions of magic
 Y - 2 potions of flight
Miscellaneous
 f - 2 phantom mirrors
 z - a lamp of fire
Comestibles
 b - 53 rations


   Skills:
 + Level 4.2 Fighting
 + Level 10.8(15.0) Short Blades
 - Level 2.1 Throwing
 + Level 7.9(12.3) Dodging
 + Level 13.2(17.3) Stealth
 + Level 10.9(13.6) Shields
 * Level 19.3 Spellcasting
 + Level 6.7(11.2) Conjurations
 + Level 3.5(7.6) Hexes
 + Level 8.0(12.5) Charms
 + Level 5.0(9.4) Summonings
 + Level 1.5(4.5) Translocations
   Level 1.0(3.5) Transmutations
 + Level 15.3(19.3) Fire Magic
 + Level 5.0(9.4) Ice Magic
 + Level 13.4(17.5) Air Magic
 + Level 1.7(4.8) Earth Magic
 - Level 10.0(14.3) Poison Magic
 + Level 1.7(4.8) Evocations


You couldn't memorise any spells.
You knew the following spells:

 Your Spells              Type           Power        Failure   Level  Hunger
a - Airstrike             Air            #######...   0%          4    None
b - Blink                 Tloc           N/A          1%          2    None
c - Mephitic Cloud        Conj/Pois/Air  #######.     0%          3    None
d - Deflect Missiles      Chrm/Air       #######...   1%          6    ###....
e - Tukima's Dance        Hex            ######..     1%          3    None
f - Fireball              Conj/Fire      #######...   1%          5    None
g - Apportation           Tloc           #####.       1%          1    None
h - Silence               Hex/Air        ######....   1%          5    None
l - Summon Lightning Spi  Summ/Air       ######..     1%          4    None
m - Bolt of Magma         Conj/Fire/Erth ######....   1%          5    None
r - Ring of Flames        Chrm/Fire      #######...   2%          7    #####..
s - Song of Slaying       Chrm           ######..     1%          2    None
v - Poisonous Vapours     Pois/Air       ######       0%          2    None
w - Swiftness             Chrm/Air       #######.     0%          2    None
x - Olgreb's Toxic Radia  Pois           #######.     1%          4    None
z - Ozocubu's Armour      Chrm/Ice       ######..     1%          3    None

Your spell library contained the following spells:

 Spells                   Type           Power        Failure   Level  Hunger
 Shock                    Conj/Air       ####         0%          1    None
 Static Discharge         Conj/Air       #######.     0%          3    None
 Animate Skeleton         Necr           N/A          1%          1    None
 Beastly Appendage        Tmut           #####.       1%          1    None
 Corona                   Hex            ######.      1%          1    None
 Freeze                   Ice            ####         1%          1    None
 Sting                    Tmut/Pois      ####         1%          1    None
 Summon Butterflies       Summ           ######..     1%          1    None
 Summon Small Mammal      Summ           ####         1%          1    None
 Ensorcelled Hibernation  Hex/Ice        ######       1%          2    None
 Shroud of Golubria       Chrm/Tloc      ######       1%          2    None
 Sticks to Snakes         Tmut           #####...     1%          2    None
 Confusing Touch          Hex            ######..     1%          3    None
 Dazzling Flash           Conj/Hex       ######       1%          3    None
 Gell's Gravitas          Tloc           #####.....   1%          3    None
 Ignite Poison            Fire/Tmut/Pois ######..     1%          3    None
 Lesser Beckoning         Tloc           #####.....   1%          3    None
 Spectral Weapon          Hex/Chrm       ######..     1%          3    None
 Spider Form              Tmut/Pois      ######....   1%          3    None
 Teleport Other           Tloc           #####...     1%          3    None
 Cause Fear               Hex            ######....   1%          4    None
 Ice Form                 Ice/Tmut       ######..     1%          4    None
 Summon Ice Beast         Ice/Summ       ######..     1%          4    None
 Alistair's Intoxication  Tmut/Pois      ######..     1%          5    None
 Iskenderun's Battlesphe  Conj/Chrm      ######..     1%          5    None
 Lightning Bolt           Conj/Air       #######...   1%          5    None
 Metabolic Englaciation   Hex/Ice        ######....   1%          5    None
 Freezing Cloud           Conj/Ice/Air   ######....   1%          6    ###....
 Starburst                Conj/Fire      #######...   1%          6    ###....
 Sublimation of Blood     Necr           ####......   2%          2    None
 Passage of Golubria      Tloc           N/A          3%          4    None
 Ignition                 Fire           #######...   4%          8    ######.
 Yara's Violent Unravell  Hex/Tmut       #####.....   6%          5    None
 Ozocubu's Refrigeration  Ice            ######....   6%          6    ###....
 Iron Shot                Conj/Erth      ######....   12%         6    ###....
 Blade Hands              Tmut           #####.....   13%         5    None
 Invisibility             Hex            ######..     14%         6    ###....
 Orb of Destruction       Conj           ######....   17%         7    #####..
 Spellforged Servitor     Conj/Summ      ######....   24%         7    #####..
 Simulacrum               Ice/Necr       #####.....   36%         6    ###....
 Statue Form              Tmut/Erth      #####....    50%         6    ###....
 Hydra Form               Tmut           #####.....   58%         6    ###....
 Discord                  Hex            ######....   99%         8    ######.


Dungeon Overview and Level Annotations

Branches:
Dungeon (15/15)            Temple (1/1) D:6            Lair (6/6) D:11
 Shoals (4/4) Lair:2       Spider (4/4) Lair:3        Slime (0/5) Lair:6
    Orc (2/2) D:11            Elf (0/3) Orc:2        Vaults (3/5) D:14
  Crypt (2/3) Vaults:2     Depths (0/5) D:15          Sewer (visited)
  IceCv (visited)         Gauntlet (visited)

Altars:
Ashenzari
Cheibriados
Dithmenos
Elyvilon
Fedhas
Gozag
Hepliaklqana
Kikubaaqudgha
Makhleb
Nemelex Xobeh
Okawaru
Qazlal
Ru
Sif Muna
Trog
Uskayaw
Vehumet
Wu Jian
Xom
Yredelemnul
Zin
The Shining One

Shops:
D:4 *   D:11 ?[%}   D:12 !   D:13 ?   Orc:1 ?   Orc:2 =?(:

Portals:
Trove: D:10 (show abyssal rune of Zot)

Annotations:
Spider:3 Mara
Vaults:2 3 runed translucent doors, Bai Suzhen; Wakhat's ghost, adept MiFi


Innate Abilities, Weirdness & Mutations

You cannot wear most types of armour.
You are very stealthy in the water. (Stealth+)
You are amphibious.
You can wear up to eight rings at the same time.
You can use your tentacles to constrict eight enemies at once.
Your skin changes colour to match your surroundings (Stealth+).
Your rubbery body absorbs attacks. (AC +1, EV +1)
You have a pair of small antennae on your head.
You are partially covered in yellow scales. (AC +2)
You can translocate small distances at will.
Your natural rate of healing is unusually fast.


Message History

There is a stone staircase leading down here.
There is a stone staircase leading up here.
You climb upwards.
There is a stone staircase leading down here.
There is a stone staircase leading up here.
You climb upwards.
There is a stone staircase leading down here.
Search for what [Enter for "RN+", or ? for help]? exit Can't find anything matching that.
There is an escape hatch in the floor here.
You see here 13 sling bullets.
The hobgoblin enters a dispersal trap!
You blink.
The hobgoblin blinks!
You puncture the hobgoblin! You burn the hobgoblin.
You kill the hobgoblin!
You hear a splash.
You see here a +0 club.
There is an open door here.
There is a staircase leading out of the dungeon here.
Are you sure you want to leave the Dungeon?
This will make you lose the game!
You have escaped!

#..## #.# #.###.#######
#...#####.#
#............
#.........#
#####.#######
###...#####.# #.#
.....## ### #.#
###.############### #.#
###.....##........# #.#
........##........# #.#
.#########......@.# #.#
.# #........# ##.## .#
#####........# ##...##
.# ##..#####'#####
#.....##
.####...#####.######
#......#
.##...#.#...^......#
#......#
.##.#...#..)≈≈≈..8.#
##...#.#
.##.##.##..........#
####..#
....##.##.##############
#.##


There were no monsters in sight!

Vanquished Creatures
  Nikola (Spider:1)
  Jory (Crypt:1)
  3 tentacled monstrosities (Vaults:2)
  2 krakens
  Polyphemus (Shoals:2)
  Kirke (Shoals:4)
  An ancient champion (Crypt:1)
  Donald (Vaults:1)
  2 revenants (Crypt:1)
  4 ghost moths (Spider:4)
  Aizul (Shoals:4)
  7 emperor scorpions
  3 vault wardens
  2 curse skulls
  3 ghouls (Crypt:1)
  A frost giant (Shoals:1)
  10 very ugly things
  A stone giant (Vaults:3)
  A deep elf demonologist (Vaults:2)
  8 entropy weavers
  4 ironheart preservers
  3 vampire knights (Crypt:1)
  A minotaur (Gauntlet)
  The ghost of tilp the Fighter, a journeyman VSSu of Zin (Orc:2)
  2 spark wasps (Spider:4)
  A deep elf death mage (Crypt:1)
  2 eidola (Crypt:1)
  3 merfolk javelineers
  2 jiangshi (Crypt:1)
  Fannar (Orc:1)
  9 merfolk impalers (Shoals:4)
  3 yaktaur captains (Vaults:3)
  2 fire dragons
  11 ogre magi
  3 ice dragons
  A rakshasa (Vaults:2)
  Harold (Lair:1)
  2 hydras (shapeshifter)
  8 centaur warriors
  3 vault guards
  2 merfolk avatars
  2 catoblepae
  43 two-headed ogres
  3 hydras
  4 death knights
  2 death yaks (Shoals:2)
  3 deep troll earth magi
  An alligator snapping turtle (Shoals:4)
  5 satyrs
  5 merfolk aquamancers
  2 deep troll shamans
  2 vampire magi
  2 soul eaters (Crypt:1)
  Sonja (Lair:6)
  5 skeletal warriors (Crypt:1)
  A storm dragon skeleton (Crypt:1)
  11 deep trolls
  3 flayed ghosts
  12 sea snakes
  4 glowing orange brains
  An obsidian statue (Shoals:3)
  A necromancer (Vaults:2)
  4 unseen horrors
  2 deep elf archers
  A wizard (Vaults:1)
  19 ugly things
  12 harpies
  8 orb spiders
  3 phantasmal warriors
  An orb spider (shapeshifter) (Vaults:1)
  7 ironbrand convokers
  A sphinx zombie (Vaults:2)
  35 wolf spiders
  5 oklob plants
  2 orc sorcerers
  A fire giant zombie (Crypt:1)
  8 orc knights
  8 manticores
  15 fauns
  12 cyclopes
  5 elephants
  7 deep elf magi
  5 merfolk sirens
  A water nymph (shapeshifter) (D:15)
  7 spiny frogs
  3 water nymphs (Shoals:4)
  9 vault sentinels
  6 black mambas
  2 ice statues (IceCv)
  2 centaur skeletons
  A gargoyle (D:14)
  8 rime drakes
  5 freezing wraiths
  A pale draconian zombie (Crypt:1)
  8 komodo dragons
  20 yaktaurs
  14 demonic crawlers
  5 polar bears
  An efreet (Gauntlet)
  27 jumping spiders
  2 queen bees
  A hydra zombie (Crypt:1)
  21 merfolk
  A jumping spider (shapeshifter) (Vaults:2)
  12 hornets
  6 meliai
  A troll (shapeshifter) (Vaults:1)
  6 trolls
  4 wind drakes
  A sphinx simulacrum (Vaults:2)
  A harpy skeleton (Crypt:1)
  12 slime creatures
  A fire dragon zombie (Crypt:1)
  11 snapping turtles
  10 dream sheep
  16 blink frogs
  11 hippogriffs
  A fire giant simulacrum (Vaults:2)
  A bog body (Crypt:1)
  22 yaks
  7 wraiths
  A tarantella (shapeshifter) (D:15)
  5 flying skulls (Crypt:1)
  2 large abominations (Gauntlet)
  4 shadows
  35 redbacks
  9 spriggans (Lair:6)
  11 water elementals
  18 tarantellas
  16 humans (D:14)
  2 hungry ghosts
  7 wyverns
  4 basilisks
  4 fire bats (Lair:1)
  3 hogs (Shoals:4)
  6 vampire mosquitoes
  2 fire elementals
  5 small abominations (Gauntlet)
  A golden eye (shapeshifter) (D:15)
  2 wargs (Orc:1)
  2 soldier ants
  8 water moccasins
  A hell hound (Gauntlet)
  Duvessa (D:6)
  9 porcupines
  A spiny frog skeleton (Crypt:1)
  16 ice beasts
  20 orc warriors
  A sky beast (D:13)
  2 phantoms
  2 necrophages
  5 black bears
  42 ogres
  5 boggarts
  19 wolves
  14 crocodiles
  17 centaurs
  7 big kobolds
  Blork the orc (D:4)
  19 bullfrogs
  A komodo dragon skeleton (Crypt:1)
  A deep troll simulacrum (Vaults:1)
  A water moccasin zombie (D:5)
  Dowan (D:6)
  7 scorpions
  A human simulacrum (Vaults:2)
  79 killer bees
  19 wights
  6 howler monkeys
  2 vampire bats (Lair:6)
  3 electric eels
  7 crimson imps
  2 lava snakes (Lair:1)
  A bullfrog zombie (D:8)
  A wyvern simulacrum (D:14)
  4 centaur zombies
  6 hounds
  3 orc priests (Orc:1)
  7 jellies
  11 orc wizards
  4 bullfrog skeletons
  3 iguanas
  12 worker ants
  A dwarf skeleton (Crypt:1)
  An ogre skeleton (Crypt:1)
  4 gnolls (D:7)
  A worker ant zombie (D:5)
  A howler monkey skeleton (D:7)
  3 river rats
  14 adders
  A steam dragon skeleton (Crypt:1)
  4 shadow imps
  7 oozes
  2 adder skeletons
  6 worms
  7 leopard geckos
  51 orcs
  5 giant cockroaches
  8 goblins
  11 hobgoblins
  14 jackals
  26 kobolds
  5 quokkas
  6 ball pythons
  9 bats
  3 frilled lizards
  A jackal zombie (D:8)
  A leopard gecko skeleton (D:6)
  A quokka skeleton (Crypt:1)
  12 rats
  A fungus (Lair:3)
  3 plants
1381 creatures vanquished.

Vanquished Creatures (collateral kills)
  Asterion (Spider:1)
  A lich (Crypt:1)
  Roxanne (Spider:2)
  A revenant (Crypt:1)
  An emperor scorpion (Spider:4)
  2 ghouls (Crypt:1)
  3 ironheart preservers
  Snorg (Orc:1)
  A jiangshi (Crypt:1)
  A vault guard (Vaults:1)
  A quicksilver dragon skeleton (Crypt:1)
  A hydra (Lair:4)
  A centaur warrior (D:15)
  3 two-headed ogres
  2 ogre magi
  A deep troll shaman (Vaults:1)
  A death yak (Shoals:2)
  3 skeletal warriors (Crypt:1)
  A titan skeleton (Crypt:1)
  2 deep trolls (Vaults:1)
  3 harpies
  An orb spider (Spider:4)
  3 wolf spiders
  5 ugly things
  3 oklob plants (Lair:2)
  A faun (Shoals:4)
  A cyclops (Shoals:1)
  An elephant (Lair:6)
  A black mamba (Lair:4)
  A dire elephant zombie (Crypt:1)
  A torpor snail (Lair:4)
  A spiny frog (Lair:6)
  A freezing wraith (Crypt:1)
  2 komodo dragons
  A yaktaur (Vaults:3)
  A troll (D:15)
  A jumping spider (Spider:4)
  2 hornets (Spider:4)
  A polar bear (Lair:6)
  A slime creature (Vaults:1)
  A wind drake (Shoals:2)
  A bog body (Crypt:1)
  2 blink frogs
  A hippogriff (Lair:5)
  2 redbacks
  3 spriggans (Lair:6)
  6 yaks (Lair:4)
  A wyvern (Lair:4)
  A wraith (Crypt:1)
  3 orc warriors
  3 ice beasts (IceCv)
  A black bear (Lair:6)
  7 ogres
  A necrophage (Crypt:1)
  A crocodile (Lair:4)
  A wolf (Lair:6)
  A killer bee (Lair:4)
  A vampire bat (Lair:6)
  2 orc priests
  2 orc wizards (Orc:1)
  A shadow imp (D:15)
  3 bats (Lair:6)
  A river rat skeleton (Crypt:1)
  3 plants
110 creatures vanquished.

Vanquished Creatures (others)
  21 fungi
  6 plants
  45 tentacles
72 creatures vanquished.

Grand Total: 1563 creatures vanquished

Notes
Turn   | Place    | Note
-------+----------+-------------------------------------------
     0 | D:1      | Esekla the Octopode Venom Mage began the quest for the Orb.
     0 | D:1      | Reached XP level 1. HP: 11/11 MP: 3/3
   336 | D:1      | Reached XP level 2. HP: 17/17 MP: 5/5
   590 | D:2      | Learned a level 2 spell: Poisonous Vapours
   692 | D:2      | Found a sparkling altar of Nemelex Xobeh.
   711 | D:2      | Found a burning altar of Makhleb.
   711 | D:2      | Found a shadowy altar of Dithmenos.
   716 | D:2      | Found a shimmering blue altar of Sif Muna.
   858 | D:1      | Reached XP level 3. HP: 22/22 MP: 3/6
   978 | D:1      | Learned a level 3 spell: Mephitic Cloud
  1542 | D:3      | Reached skill level 1 in Fighting
  1723 | D:3      | Reached XP level 4. HP: 18/28 MP: 8/8
  2100 | D:3      | Reached skill level 3 in Spellcasting
  2100 | D:3      | Reached skill level 1 in Air Magic
  2343 | D:3      | Reached XP level 5. HP: 33/33 MP: 9/9
  2442 | D:3      | Reached skill level 1 in Conjurations
  2689 | D:4      | Noticed Blork the orc
  2697 | D:4      | Killed Blork the orc
  2697 | D:4      | Reached skill level 1 in Short Blades
  2697 | D:4      | Reached XP level 6. HP: 29/39 MP: 4/11
  2701 | D:4      | Found Vuxt's Assorted Antiques.
  2706 | D:4      | Bought a polished dagger for 182 gold pieces
  2707 | D:4      | Identified the +12 dagger "Syunisek" {pain, rPois Str+2}
                  | (You bought it in a shop on level 4 of the Dungeon)
  3253 | D:5      | Entered Level 5 of the Dungeon
  3320 | D:5      | Found a snail-covered altar of Cheibriados.
  3520 | D:5      | Noticed a phantom
  3536 | D:5      | Killed a phantom
  3648 | D:5      | Reached XP level 7. HP: 18/45 MP: 5/12
  4120 | D:5      | Reached skill level 4 in Spellcasting
  4317 | D:5      | Reached XP level 8. HP: 42/50 MP: 14/14
  4375 | D:6      | Noticed Duvessa
  4375 | D:6      | Noticed Dowan
  4422 | D:6      | Found a staircase to the Ecumenical Temple.
  4453 | Temple   | Entered the Ecumenical Temple
  4527 | Temple   | Became a worshipper of Ashenzari the Shackled
  4581 | D:6      | Killed Dowan
  4590 | D:6      | Killed Duvessa
  4599 | D:6      | Reached skill level 5 in Poison Magic
  4675 | D:6      | Found a glowing drain.
  4679 | Sewer    | Entered a sewer
  5351 | Sewer    | Learned a level 4 spell: Olgreb's Toxic Radiance
  5364 | Sewer    | Reached skill level 5 in Spellcasting
  5793 | D:6      | Reached XP level 9. HP: 55/55 MP: 15/17
  6128 | D:7      | Reached skill level 5 in Stealth
  6134 | D:7      | Reached skill level 5 in Short Blades
  7019 | D:7      | Reached * piety under Ashenzari
  7160 | D:7      | Reached skill level 5 in Air Magic
  7205 | D:7      | Reached skill level 6 in Spellcasting
  7470 | D:8      | Reached XP level 10. HP: 62/62 MP: 19/19
  7547 | D:8      | Found a radiant altar of Vehumet.
  7961 | D:8      | Reached skill level 5 in Conjurations
  8274 | D:8      | Gained mutation: You are clumsy. (Dex -2) [potion of
                  | mutation]
  8274 | D:8      | Gained mutation: One of your tentacles bears a spike.
                  | [potion of mutation]
  8275 | D:8      | Lost mutation: One of your tentacles bears a spike. [potion
                  | of mutation]
  8275 | D:8      | Lost mutation: You are clumsy. (Dex -2) [potion of
                  | mutation]
  8275 | D:8      | Gained mutation: Potions are less effective at restoring
                  | your health. [potion of mutation]
  8275 | D:8      | Gained mutation: You are agile. (Dex +2) [potion of
                  | mutation]
  8276 | D:8      | Lost mutation: Potions are less effective at restoring your
                  | health. [potion of mutation]
  8276 | D:8      | Lost mutation: You are agile. (Dex +2) [potion of mutation]
  8276 | D:8      | Gained mutation: Scrolls take you a little longer to read.
                  | [potion of mutation]
  8276 | D:8      | Gained mutation: You are somewhat resistant to further
                  | mutation. [potion of mutation]
  8439 | D:5      | You fall into a shaft and drop 2 floors!
  9210 | D:9      | Reached skill level 7 in Spellcasting
  9632 | D:9      | Reached skill level 1 in Throwing
  9685 | D:9      | Lost mutation: You are somewhat resistant to further
                  | mutation. [potion of mutation]
  9685 | D:9      | Lost mutation: Scrolls take you a little longer to read.
                  | [potion of mutation]
  9685 | D:9      | Gained mutation: You are somewhat resistant to further
                  | mutation. [potion of mutation]
  9930 | D:9      | Learned a level 3 spell: Tukima's Dance
 10162 | D:10     | Entered Level 10 of the Dungeon
 10418 | D:10     | Reached skill level 1 in Hexes
 10461 | D:10     | Noticed a vault guard
 10476 | D:10     | Killed a vault guard
 10476 | D:10     | Reached XP level 11. HP: 36/67 MP: 22/22
 10624 | D:10     | Found a portal to a secret trove of treasure.
 10694 | D:10     | Reached skill level 8 in Spellcasting
 11344 | D:9      | Lost mutation: You are somewhat resistant to further
                  | mutation. [potion of mutation]
 11344 | D:9      | Gained mutation: You have a beak for a mouth. [potion of
                  | mutation]
 11344 | D:9      | Gained mutation: You can translocate small distances at
                  | will. [potion of mutation]
 11364 | D:10     | Reached ** piety under Ashenzari
 11837 | D:11     | Noticed an unseen horror
 11837 | D:11     | Noticed a green ugly thing
 11879 | D:11     | Noticed a cyclops
 11884 | D:11     | Killed a cyclops
 12079 | D:11     | Found Vaupsafyt's Magic Scroll Emporium.
 12085 | D:11     | Bought a scroll of fear for 59 gold pieces
 12085 | D:11     | Bought a scroll of enchant armour for 127 gold pieces
 12085 | D:11     | Bought a scroll of blinking for 127 gold pieces
 12085 | D:11     | Bought a scroll of magic mapping for 59 gold pieces
 12085 | D:11     | Bought a scroll of identify for 34 gold pieces
 12085 | D:11     | Bought a scroll of identify for 34 gold pieces
 12085 | D:11     | Bought a scroll of identify for 34 gold pieces
 12092 | D:11     | Noticed a brown ugly thing
 12105 | D:11     | Killed a brown ugly thing
 12309 | D:10     | Learned a level 5 spell: Fireball
 12842 | D:11     | Found Ovukhlips's Food Shoppe.
 12846 | D:11     | Found Aleihy's Armour Boutique.
 12970 | D:11     | Killed an unseen horror
 12976 | D:11     | Reached skill level 1 in Fire Magic
 13331 | D:11     | Noticed a manticore
 13428 | D:11     | Found a staircase to the Lair.
 13486 | D:11     | Found a staircase to the Orcish Mines.
 13512 | D:11     | Reached skill level 9 in Spellcasting
 13606 | D:11     | Killed a manticore
 13882 | D:11     | Found Nownemma's Gadget Emporium.
 13954 | Lair:1   | Entered Level 1 of the Lair of Beasts
 13954 | Lair:1   | Noticed Harold
 14129 | D:12     | Found Hiapry's Distillery.
 14137 | D:12     | Bought a potion of degeneration for 10 gold pieces
 14287 | D:12     | Found a basalt altar of Yredelemnul.
 14557 | D:12     | Noticed a deep elf mage
 14560 | D:12     | Killed a deep elf mage
 14776 | D:12     | Reached XP level 12. HP: 74/74 MP: 25/25
 14868 | D:13     | Found a shadowy altar of Dithmenos.
 14872 | D:13     | Found a gate leading to a gauntlet.
 14882 | Gauntlet | Entered a Gauntlet
 14882 | Gauntlet | Found a transporter.
 14895 | Gauntlet | Found a transporter.
 14897 | Gauntlet | Found a transporter.
 14897 | Gauntlet | Noticed a death ooze
 14900 | Gauntlet | Found a transporter.
 14901 | Gauntlet | Found a transporter.
 14903 | Gauntlet | Identified the ring of Neoq {rN+ Dex+2}
 14903 | Gauntlet | Found a transporter.
 14909 | Gauntlet | Found a runed translucent gate.
 14909 | Gauntlet | Found a runed translucent gate.
 14909 | Gauntlet | Found a runed translucent gate.
 14915 | Gauntlet | Identified the ring "Fimeb" {*Contam rN++ Str+3 Int+3}
 14921 | Gauntlet | Found a transporter.
 14921 | Gauntlet | Noticed a blizzard demon
 14922 | Gauntlet | Found a transporter.
 14957 | Gauntlet | Found a transporter.
 14959 | Gauntlet | Identified the amulet of Plog {Inacc rN+ Stlth+}
 14978 | Gauntlet | Found a transporter.
 14979 | Gauntlet | Reached *** piety under Ashenzari
 14982 | Gauntlet | Found a transporter.
 14983 | Gauntlet | Identified the ring of Alis {rPois Str+6 Dex-2}
 14990 | Gauntlet | Found a transporter.
 15101 | Gauntlet | Identified Sif Muna's Handbook of the Lucky Birds
 15197 | Gauntlet | Noticed a minotaur
 15238 | Gauntlet | Found the +11 plutonium sword {*Contam Stlth-}
 15259 | Gauntlet | Killed a minotaur
 15285 | D:13     | Found Demn's Magic Scroll Shop.
 15298 | D:13     | Bought a scroll of identify for 26 gold pieces
 15298 | D:13     | Bought a scroll of holy word for 97 gold pieces
 15298 | D:13     | Bought a scroll of fog for 26 gold pieces
 15298 | D:13     | Identified a scroll of acquirement
 15310 | D:13     | Found the cursed +8 arc blade {discharge, rElec}
 15717 | D:14     | Found a gate to the Vaults.
 15717 | D:14     | Noticed a centaur warrior
 15717 | D:14     | Noticed a two-headed ogre
 16191 | D:14     | Noticed an eight-headed hydra
 16299 | D:13     | Noticed a centaur warrior
 16323 | D:13     | Killed a centaur warrior
 16323 | D:13     | Reached skill level 10 in Spellcasting
 16875 | Lair:1   | Reached **** piety under Ashenzari
 17174 | Lair:1   | Noticed a five-headed hydra
 17249 | Lair:1   | Killed a five-headed hydra
 17606 | Lair:1   | Reached skill level 5 in Fire Magic
 17705 | Lair:2   | Reached XP level 13. HP: 79/79 MP: 27/27
 17837 | Lair:1   | Killed Harold
 17891 | Lair:1   | Learned a level 2 spell: Swiftness
 17895 | Lair:1   | Learned a level 3 spell: Static Discharge
 17900 | Lair:1   | Learned a level 4 spell: Airstrike
 17905 | Lair:1   | Learned a level 4 spell: Summon Lightning Spire
 17908 | Lair:1   | Learned a level 2 spell: Song of Slaying
 18397 | D:13     | Bought a scroll of remove curse for 39 gold pieces
 18397 | D:13     | Bought a scroll of remove curse for 39 gold pieces
 18589 | Lair:2   | Found a staircase to the Shoals.
 19510 | Lair:2   | Reached skill level 11 in Spellcasting
 19510 | Lair:2   | Reached skill level 1 in Evocations
 19581 | Lair:2   | Reached skill level 1 in Summonings
 19738 | Lair:3   | Reached skill level 1 in Charms
 20286 | Lair:3   | Reached ***** piety under Ashenzari
 20327 | Lair:3   | Found a hole to the Spider Nest.
 20647 | Lair:4   | Found a frozen archway.
 20648 | Lair:4   | Noticed an ice dragon
 20658 | Lair:4   | Reached skill level 10 in Poison Magic
 20678 | Lair:4   | Killed an ice dragon
 20821 | IceCv    | Entered an ice cave
 21563 | IceCv    | Noticed an ice dragon
 21563 | IceCv    | Noticed an ice dragon
 21564 | IceCv    | Identified the ring of Rotwen {*Corrode rPois rF+ Dex+2
                  | Stlth+}
 21588 | IceCv    | Killed an ice dragon
 21589 | IceCv    | Killed an ice dragon
 21764 | IceCv    | Upgraded the game from 0.25-a0-668-gea548f19b6 to
                  | 0.25-a0-670-g50981ef59b
 22109 | Lair:4   | Reached XP level 14. HP: 83/85 MP: 29/29
 22557 | Lair:4   | Reached skill level 5 in Dodging
 22726 | Lair:4   | Identified Sif Muna's Catalogue of Ice
 22734 | Lair:4   | Learned a level 3 spell: Ozocubu's Armour
 22816 | Lair:4   | Reached skill level 12 in Spellcasting
 23126 | Lair:4   | Reached skill level 1 in Ice Magic
 24176 | Lair:6   | Entered Level 6 of the Lair of Beasts
 24381 | Lair:6   | Noticed Sonja
 24427 | Lair:6   | Reached skill level 10 in Short Blades
 24756 | Lair:6   | Identified the cursed +2 dagger of Cobwebs {flame, *Corrode
                  | rElec rPois rN+++}
 24857 | Lair:6   | Killed Sonja
 24903 | Lair:6   | Found a staircase to the Slime Pits.
 25126 | Lair:6   | Reached skill level 1 in Shields
 25684 | Orc:1    | Entered Level 1 of the Orcish Mines
 25725 | Orc:1    | Noticed Snorg
 25749 | Orc:1    | Killed Snorg
 25832 | Orc:1    | Found Ucurig's Magic Scroll Boutique.
 25867 | Orc:1    | Bought a scroll of remove curse for 39 gold pieces
 25867 | Orc:1    | Bought a scroll of remove curse for 39 gold pieces
 25968 | Orc:1    | Noticed Fannar
 25981 | Orc:1    | Killed Fannar
 26325 | Orc:2    | Entered Level 2 of the Orcish Mines
 26597 | Orc:2    | Reached XP level 15. HP: 90/90 MP: 31/31
 26854 | Orc:1    | Reached skill level 13 in Spellcasting
 26968 | Orc:1    | Reached ****** piety under Ashenzari
 27014 | Orc:1    | Reached skill level 10 in Air Magic
 27431 | Orc:2    | Found a runed translucent door.
 27433 | Orc:2    | Noticed tilp's ghost (journeyman VSSu)
 27550 | Orc:2    | Reached skill level 10 in Fire Magic
 27895 | Orc:2    | Found Zucs's Weapon Shoppe.
 27895 | Orc:2    | Found Osurghe's Jewellery Shop.
 27897 | Orc:2    | Found Teyntimn's Book Boutique.
 27897 | Orc:2    | Found Piuwiol's Magic Scroll Shoppe.
 27931 | Orc:2    | Bought a book of Cantrips for 260 gold pieces
 27933 | Orc:2    | Learned a level 1 spell: Apportation
 27937 | Orc:2    | Bought a book of Spatial Translocations for 845 gold pieces
 27940 | Orc:2    | Learned a level 2 spell: Blink
 28160 | Lair:4   | Lost mutation: You have a beak for a mouth. [potion of
                  | mutation]
 28160 | Lair:4   | Gained mutation: Your natural rate of healing is unusually
                  | fast. [potion of mutation]
 28160 | Lair:4   | Gained mutation: You have a pair of small antennae on your
                  | head. [potion of mutation]
 28160 | Lair:4   | Gained mutation: You are partially covered in yellow
                  | scales. (AC +2) [potion of mutation]
 28356 | Orc:2    | Bought the ring "Rioroobb" {MP+9 Slay+2 SInv} for 838 gold
                  | pieces
 28375 | Orc:2    | Found a staircase to the Elven Halls.
 28569 | Orc:2    | Killed tilp's ghost
 29408 | D:14     | Found a runed translucent door.
 29426 | D:14     | Reached skill level 5 in Shields
 29659 | D:15     | Entered Level 15 of the Dungeon
 29742 | D:15     | Reached skill level 14 in Spellcasting
 29836 | D:15     | Found a staircase to the Depths.
 30003 | D:15     | Reached XP level 16. HP: 95/95 MP: 34/34
 30257 | Orc:2    | Bought a scroll of remove curse for 39 gold pieces
 30257 | Orc:2    | Bought a scroll of remove curse for 39 gold pieces
 30655 | D:15     | Identified the +7 dagger "Beetleslayer" {speed, *Noise
                  | Int+3}
 31362 | Spider:1 | Entered Level 1 of the Spider Nest
 31488 | Spider:1 | Noticed Asterion
 31667 | Spider:1 | Reached skill level 10 in Stealth
 31963 | Spider:1 | Noticed Nikola
 31977 | Spider:1 | Killed Nikola
 32388 | Spider:1 | Killed Asterion
 32696 | Spider:2 | Reached skill level 15 in Spellcasting
 33408 | Spider:2 | Identified Roxanne's Incunabulum of Transmutation
 33408 | Spider:2 | Noticed Roxanne
 33440 | Spider:2 | Killed Roxanne
 33822 | Spider:3 | Noticed Mara
 33828 | Spider:3 | Noticed Esekla's illusion
 33845 | Spider:2 | Reached XP level 17. HP: 58/99 MP: 36/36
 33934 | Spider:3 | Reached skill level 1 in Translocations
 33945 | Spider:3 | Noticed Esekla's illusion
 34075 | Spider:2 | Learned a level 7 spell: Ring of Flames
 34541 | Spider:3 | Noticed Esekla's illusion
 34767 | Spider:4 | Entered Level 4 of the Spider Nest
 34907 | Spider:4 | Found the ring of Phasing {EV+8}
 35896 | Spider:4 | Reached skill level 5 in Charms
 35906 | Spider:4 | Reached skill level 16 in Spellcasting
 36143 | Spider:4 | Got a gossamer rune of Zot
 36405 | Vaults:1 | Entered Level 1 of the Vaults
 36513 | Vaults:1 | Paralysed by an ogre mage for 5 turns
 36840 | Orc:2    | Bought a book of Enchantments for 650 gold pieces
 36993 | Lair:1   | Learned a level 6 spell: Deflect Missiles
 37495 | Vaults:1 | Noticed Donald
 37507 | Vaults:1 | Killed Donald
 37507 | Vaults:1 | Reached XP level 18. HP: 92/106 MP: 38/38
 38930 | Vaults:2 | Noticed Bai Suzhen
 39351 | Vaults:2 | Reached skill level 17 in Spellcasting
 40020 | Shoals:1 | Entered Level 1 of the Shoals
 40675 | Shoals:1 | Reached XP level 19. HP: 110/110 MP: 40/40
 41332 | Shoals:2 | Noticed Polyphemus
 41353 | Shoals:2 | Killed Polyphemus
 42807 | Shoals:4 | Entered Level 4 of the Shoals
 42808 | Shoals:4 | Noticed Kirke
 42834 | Shoals:4 | Killed Kirke
 43079 | Shoals:4 | Noticed Aizul
 43086 | Shoals:4 | Killed Aizul
 43212 | Shoals:4 | Got a barnacled rune of Zot
 43554 | Shoals:4 | Learned a level 5 spell: Bolt of Magma
 43737 | Shoals:4 | Found the +9 staff of Olgreb {rPois∞}
 43741 | Shoals:4 | Reached skill level 10 in Shields
 44063 | Shoals:4 | Reached skill level 18 in Spellcasting
 44865 | Vaults:2 | Found a staircase to the Crypt.
 44959 | Vaults:2 | Found a runed translucent gate.
 44959 | Vaults:2 | Found a runed translucent gate.
 44963 | Vaults:2 | Found a runed translucent gate.
 44965 | Vaults:2 | Noticed a tentacled monstrosity
 44980 | Vaults:2 | Reached XP level 20. HP: 115/116 MP: 42/42
 45212 | Vaults:3 | Reached skill level 15 in Fire Magic
 46580 | Vaults:2 | Found a runed translucent gate.
 46580 | Vaults:2 | Found a runed translucent gate.
 46585 | Vaults:2 | Found a runed translucent gate.
 46589 | Vaults:2 | Noticed Wakhat's ghost (adept MiFi)
 47283 | Crypt:1  | Entered Level 1 of the Crypt
 47636 | Crypt:1  | Reached skill level 1 in Earth Magic
 47845 | Crypt:1  | Reached skill level 19 in Spellcasting
 48402 | Crypt:1  | Reached skill level 5 in Ice Magic
 48458 | Crypt:1  | Reached skill level 5 in Summonings
 48458 | Crypt:1  | Reached XP level 21. HP: 110/121 MP: 43/44
 48558 | Crypt:1  | Learned a level 5 spell: Silence
 48668 | Crypt:1  | Identified Mongellui's Grimoire of Black Rituals
 48866 | Crypt:2  | Noticed Jory
 48889 | Crypt:1  | Killed Jory
 49395 | D:$      | Got out of the dungeon!

Levels and vault maps discovered:
D:1:      dpeg_arrival_rooms_c, layout_loops_ring
D:2:      layout_basic, minitemple
D:3:      layout_loops_cross, first_ration, st_stairs_5,
          hangedman_decor_riveting
D:4:      layout_loops_ring, serial_shops, nicolae_shop_waterfront,
          uniq_blork_the_orc
D:5:      layout_loops_corners, lemuel_crystal_altar
D:6:      layout_basic, minmay_temple_entry_sparse_star, gup_sewer_entry_spiral,
          nicolae_benzene_ring, uniq_duvessa
D:7:      layout_loops_corners
D:8:      layout_basic, nicolae_overflow_hidden_temple, serial_rivers,
          chequers_serial_rivers_micro_b, chequers_serial_rivers_room_b,
          chequers_serial_rivers_micro_c, chequers_serial_rivers_small_b,
          chequers_serial_rivers_small_3, chequers_serial_rivers_marsh
D:9:      layout_stronghold
D:10:     layout_irregular_city, enter_trove_5
D:11:     layout_rooms, grunt_lair_entry_orc_guard_hut, orc_0_dummy,
          serial_shops, shop, shop_fountains, nicolae_shop_behind_doors,
          nicolae_shop_behind_doors, hangedman_little_slice_of_home
D:12:     layout_roguey, basic_altar, serial_shops, nicolae_shop_stone
D:13:     layout_stronghold, serial_shops, nicolae_shop_stone,
          gauntlet_entry_generic, basic_altar
D:14:     layout_loops_ring, david_vaults_3, hangedman_glass_teeth,
          lightli_airlock
D:15:     gammafunk_enter_depths_forms, layout_loops_cross,
          hangedman_decor_peaks_small, palyth_stone_intersect,
          minmay_misc_feat_nine_boxes, minmay_unpleasant_kobolds
Temple:   nicolae_temple_elliptical
Lair:1:   layout_gridlike, grunt_megastairs_2, infiniplex_staircase_pool,
          uniq_harold
Lair:2:   minmay_lair_oklob_tunnel, layout_gridlike, shoals_dummy_entry,
          grunt_megastairs_4
Lair:3:   layout_roguey, nicolae_spider_entry_orb_guardian, minivault_26
Lair:4:   regret_index_harrowing_hell_hive, layout_regular_city,
          portal_ice_cave_entry_animals_and_master, lemuel_fruit_fields
Lair:5:   layout_cave_pods, minmay_hedge_maze
Lair:6:   minmay_lair_end_enchanted_forest, layout_hall_layers, slime_dummy,
          roderic_batcave, uniq_sonja
Shoals:1: layout_shoals, st_cyclops
Shoals:2: layout_shoals, yaktaur_hedge, uniq_polyphemus
Shoals:3: layout_shoals, dpeg_stationary_puzzle
Shoals:4: shoals_end_simple, layout_shoals, uniq_kirke, uniq_aizul
Spider:1: spider_temple_joshua, uniq_nikola, uniq_asterion
Spider:2: layout_spider_delve, uniq_roxanne
Spider:3: layout_spider_delve, nicolae_spider_cling_ruins, uniq_mara
Spider:4: guppyfry_spider_rune, special_room [special_room_bee], drop_trap
Orc:1:    nicolae_orc_accident_3, layout_diamond_mine, serial_shops,
          nicolae_shop_stone, mines2_lemuel, uniq_fannar, uniq_snorg
Orc:2:    st_orc_ogre_mass, layout_diamond_mine, ebering_ghost_reflecting_pool
Vaults:1: v_pattern_4, v_alt_pattern_4, hangedman_vaults_stretched_pinwheel,
          hangedman_vaults_locks, ontoclasm_vaults_decontamination,
          hangedman_vaults_maws, nicolae_vaults_shelves_hall,
          ontoclasm_vaults_spin, vaults_room_hallway,
          nicolae_vaults_bisected_exclaves, layout_vaults_omnigrid, uniq_donald
Vaults:2: ploomutoo_gammafunk_vaults_ghost_potion_laboratory,
          hangedman_vaults_trim, nicolae_vaults_ring_of_whatevers,
          minmay_crypt_entry_simple_statues, v_misc_33, v_misc_28,
          hangedman_vaults_variations, v_alt_pattern_4, hangedman_vaults_maws,
          vaults_dpeg_spiral, layout_vaults_big_cross, uniq_bai_suzhen
Vaults:3: nicolae_vaults_network_square, v_misc_22, grunt_vaults_bifocal,
          v_rooms_6, grunt_vaults_trifunnel, vaults_room_corners,
          grunt_vaults_twisty, v_rooms_5, grunt_vaults_hallway_short,
          st_lattice, nicolae_vaults_little_squares_6, layout_vaults_omnibox
Crypt:1:  layout_misc_corridors, special_room [special_room_morgue]
Crypt:2:  layout_misc_corridors, st_stairs_4, grunt_megastairs_3, uniq_jory

Skill      XL: |  1  2  3  4  5  6  7  8  9 10 11 12 13 14 15 16 17 18 19 20 |
---------------+-------------------------------------------------------------+-----
Poison Magic   | 4 5 6 7 8 9 10 | 10.0
Fighting       | 1 2 3 4 |  4.2
Stealth        | 3 4 5 6 8 9 10 11 12 13 | 13.2
Spellcasting   | 3 4 5 6 7 9 10 11 12 14 15 16 17 18 19 | 19.3
Air Magic      | 1 2 3 4 5 6 7 8 9 10 11 12 13 | 13.4
Conjurations   | 1 2 3 4 5 6 |  6.7
Short Blades   | 1 3 4 6 7 8 9 10 | 10.8
Dodging        | 3 4 5 6 7 |  7.9
Throwing       | 1 2 |  2.1
Hexes          | 1 3 |  3.5
Fire Magic     | 1 5 7 9 11 12 13 14 15 | 15.3
Evocations     | 1 |  1.7
Summonings     | 2 3 4 5 |  5.0
Charms         | 2 3 5 6 7 8 |  8.0
Ice Magic      | 2 4 5 |  5.0
Shields        | 2 5 6 8 9 10 | 10.9
Translocations | 1 |  1.5
Earth Magic    | 1 |  1.7
Transmutations | |  1.0

Action                   |  1- 3 |  4- 6 |  7- 9 | 10-12 | 13-15 | 16-18 | 19-21 || total
-------------------------+-------+-------+-------+-------+-------+-------+-------++-------
Melee: Dagger            |    72 |    57 |   210 |   395 |    31 |       |    83 ||   848
       Constrict         |    24 |    12 |    38 |    49 |    74 |    81 |    76 ||   354
       Tentacles         |    15 |     7 |    33 |    63 |   103 |   122 |   112 ||   455
       Unarmed           |     3 |       |       |       |       |       |       ||     3
       Peck              |       |       |       |    49 |    72 |       |       ||   121
       Rapier            |       |       |       |       |   599 |   664 |   422 ||  1685
Throw: Dart              |       |       |     2 |    31 |    44 |    18 |       ||    95
       Boomerang         |       |       |       |    10 |    62 |    19 |    35 ||   126
       Javelin           |       |       |       |     1 |     5 |     4 |       ||    10
 Cast: Sting             |     2 |       |       |       |       |       |       ||     2
       Poisonous Vapours |    17 |    16 |    51 |   211 |   216 |   207 |   111 ||   829
       Mephitic Cloud    |       |     3 |     2 |    15 |    20 |    33 |    24 ||    97
       Olgreb's Toxic Ra |       |       |     1 |       |     7 |    17 |    10 ||    35
       Fireball          |       |       |       |     1 |    19 |     7 |    32 ||    59
       Tukima's Dance    |       |       |       |     1 |       |     1 |       ||     2
       Summon Lightning  |       |       |       |       |    50 |    51 |    47 ||   148
       Airstrike         |       |       |       |       |    25 |    74 |    79 ||   178
       Song of Slaying   |       |       |       |       |    14 |    11 |     5 ||    30
       Swiftness         |       |       |       |       |     1 |     1 |       ||     2
       Ozocubu's Armour  |       |       |       |       |    33 |    57 |    35 ||   125
       Blink             |       |       |       |       |     1 |     6 |     8 ||    15
       Apportation       |       |       |       |       |       |     3 |     3 ||     6
       Ring of Flames    |       |       |       |       |       |     6 |     2 ||     8
       Deflect Missiles  |       |       |       |       |       |     2 |     2 ||     4
       Bolt of Magma     |       |       |       |       |       |       |    56 ||    56
Invok: Curse Item        |       |       |       |     3 |     7 |     5 |       ||    15
       Scrying           |       |       |       |       |     1 |       |       ||     1
 Abil: Blink             |       |       |       |     3 |    15 |       |       ||    18
Evoke: Wand              |       |       |       |     7 |     6 |     5 |     2 ||    20
       Lamp of fire      |       |       |       |       |       |     1 |       ||     1
  Use: Scroll            |     5 |     2 |       |    14 |    10 |    11 |     3 ||    45
       Potion            |       |       |       |    19 |     9 |    13 |    11 ||    52
 Stab: Distracted        |     1 |       |     1 |     1 |     8 |    13 |    11 ||    35
       Sleeping          |     3 |    11 |    19 |    37 |    42 |    51 |    29 ||   192
       Confused          |       |     2 |     3 |     8 |    14 |    14 |    11 ||    52
       Invisible         |       |       |       |     3 |       |       |       ||     3
       Petrified         |       |       |       |       |       |       |     2 ||     2
  Eat: Chunk             |     3 |     7 |    10 |    30 |    40 |    15 |    11 ||   116
       Ration            |       |       |     1 |     1 |     1 |     6 |     5 ||    14
Armor: Skin              |     6 |     4 |     6 |    10 |    64 |   147 |    77 ||   314
Dodge: Dodged            |    50 |    22 |    93 |   236 |   447 |   741 |   499 ||  2088
       Deflected         |       |       |       |       |       |     6 |    18 ||    24
Block: Buckler           |       |       |       |       |    19 |   370 |   244 ||   633

Table legend:
 A = Non-vault XP
 B = Vault XP
 C = Vault XP percentage of total XP
 D = Non-vault monster count
 E = Vault monster count
 F = Vault count percentage of total count
                 A         B        C        D         E       F
            +---------+---------+-------+---------+---------+-------
      Total |  269177 |  238114 |  46.9 |     909 |     575 |  38.7
            +---------+---------+-------+---------+---------+-------
        D:1 |      26 |       0 |   0.0 |      16 |       0 |   0.0
        D:2 |      39 |       0 |   0.0 |      22 |       0 |   0.0
        D:3 |     123 |       5 |   3.9 |      24 |       2 |   7.7
        D:4 |     164 |      90 |  35.4 |       6 |       1 |  14.3
        D:5 |     875 |       0 |   0.0 |      24 |       0 |   0.0
        D:6 |     675 |     246 |  26.7 |      13 |       8 |  38.1
        D:7 |    1940 |       0 |   0.0 |      42 |       0 |   0.0
        D:8 |     906 |       0 |   0.0 |      16 |       0 |   0.0
        D:9 |    2377 |       0 |   0.0 |      29 |       0 |   0.0
       D:10 |    2598 |     963 |  27.0 |      31 |       1 |   3.1
       D:11 |    4364 |    1117 |  20.4 |      33 |      14 |  29.8
       D:12 |    1404 |       0 |   0.0 |      16 |       0 |   0.0
       D:13 |    4217 |       0 |   0.0 |      20 |       0 |   0.0
       D:14 |    3921 |   10048 |  71.9 |      19 |      31 |  62.0
       D:15 |   13937 |    3883 |  21.8 |      34 |      15 |  30.6
     Lair:1 |    5933 |    1929 |  24.5 |      23 |       6 |  20.7
     Lair:2 |    3570 |    2228 |  38.4 |      20 |       7 |  25.9
     Lair:3 |    4739 |     605 |  11.3 |      23 |       1 |   4.2
     Lair:4 |    3907 |   10523 |  72.9 |      19 |      62 |  76.5
     Lair:5 |    2424 |       0 |   0.0 |      10 |       0 |   0.0
     Lair:6 |    6187 |    7556 |  55.0 |      23 |      54 |  70.1
   Shoals:1 |    8277 |    5200 |  38.6 |      13 |       8 |  38.1
   Shoals:2 |    8139 |    5439 |  40.1 |      21 |       6 |  22.2
   Shoals:3 |   14413 |     628 |   4.2 |      27 |       1 |   3.6
   Shoals:4 |   21841 |   24889 |  53.3 |      44 |      42 |  48.8
   Spider:1 |    6674 |   21125 |  76.0 |      16 |      30 |  65.2
   Spider:2 |   13406 |    1892 |  12.4 |      35 |       1 |   2.8
   Spider:3 |   12541 |       0 |   0.0 |      28 |       0 |   0.0
   Spider:4 |    7850 |   26803 |  77.3 |      21 |      63 |  75.0
      Orc:1 |    3298 |    4055 |  55.1 |      35 |      12 |  25.5
      Orc:2 |    2379 |   19250 |  89.0 |      23 |      37 |  61.7
   Vaults:1 |   22374 |   17678 |  44.1 |      40 |      34 |  45.9
   Vaults:2 |   27617 |   31721 |  53.5 |      51 |      38 |  42.7
   Vaults:3 |   26758 |   14717 |  35.5 |      43 |      22 |  33.8
    Crypt:1 |   29284 |   17128 |  36.9 |      49 |      20 |  29.0
      Sewer |       0 |     484 | 100.0 |       0 |      28 | 100.0
      IceCv |       0 |    4416 | 100.0 |       0 |      20 | 100.0
   Gauntlet |       0 |    3496 | 100.0 |       0 |      11 | 100.0
            +---------+---------+-------+---------+---------+-------
